 Dungeon Crawl Stone Soup version 0.25.1-8-g42b30a86e7 (webtiles) character file.

Game seed: 9830116694979523142

1808 Clowwww the Chopper (level 8, -6/62 HPs)
             Began as a Demonspawn Fighter on Dec 23, 2020.
             Was an Initiate of Okawaru.
             Mangled by a wight
             ... wielding a +3 halberd
              (10 damage)
             ... on level 7 of the Dungeon.
             The game lasted 00:12:46 (6329 turns).

Clowwww the Chopper (Demonspawn Fighter)            Turns: 6329, Time: 00:12:47

Health: -6/62      AC: 10    Str: 19    XL:     8   Next: 84%
Magic:  8/8        EV:  8    Int: 10    God:    Okawaru [......]
Gold:   1167       SH: 10    Dex: 12    Spells: 7/7 levels left

rFire    . . .     SeeInvis .   i - +4 broad axe (venom)
rCold    + . .     Gourm    .   c - +0 kite shield
rNeg     . . .     Faith    .   b - +1 scale mail
rPois    .         Spirit   .   (no helmet)
rElec    .         Reflect  .   q - +0 cloak
rCorr    +         Harm     .   (no gloves)
MR       .....                  p - +0 pair of boots
Stlth    ..........             (no amulet)
HPRegen  0.20/turn              g - ring of resist corrosion
MPRegen  0.11/turn              (no ring)

@: lightly drained
A: claws 2, cold resistance 1, rot immunity
a: Renounce Religion


You were on level 7 of the Dungeon.
You worshipped Okawaru.
Okawaru was noncommittal.
You were very hungry.

You visited 2 branches of the dungeon, and saw 8 of its levels.

You collected 1167 gold pieces.

Inventory:

Hand Weapons
 i - a +4 broad axe of venom (weapon)
Missiles
 d - 3 boomerangs (quivered)
Armour
 b - a +1 scale mail (worn)
 c - a +0 kite shield (worn)
 p - a +0 pair of boots (worn)
 q - a +0 cloak (worn)
Jewellery
 a - a +6 ring of dexterity {unknown}
 g - a ring of resist corrosion (left claw)
 n - an uncursed ring of fire
 u - an uncursed ring of positive energy
Scrolls
 e - 2 scrolls of teleportation
 t - 2 scrolls of fear
 v - a scroll of identify
Potions
 h - 2 potions of degeneration
 j - 2 potions of brilliance
 k - 4 potions of flight
 o - 3 potions of haste
 r - a potion of lignification
Comestibles
 f - 10 rations


   Skills:
 + Level 5.0(4.7) Fighting
 + Level 6.5(6.2) Axes
 + Level 1.1(0.9) Throwing
 + Level 5.4(5.1) Armour
 + Level 2.1(1.9) Dodging
 + Level 1.4(1.2) Stealth
 + Level 5.4(5.1) Shields


You had 7 spell levels left.
You didn't know any spells.
Your spell library contained the following spells:

 Spells                   Type           Power        Failure   Level  Hunger
 Magic Dart               Conj           #...         98%         1    ##.....
 Sandblast                Erth           #.....       98%         1    ##.....
 Blink                    Tloc           N/A          99%         2    ###....
 Call Imp                 Summ           #.......     99%         2    ###....
 Passwall                 Tmut/Erth      #.......     99%         2    ###....
 Slow                     Hex            #.......     99%         2    ###....
 Conjure Flame            Conj/Fire      #.......     100%        3    ####...
 Mephitic Cloud           Conj/Pois/Air  #.......     100%        3    ####...
 Stone Arrow              Conj/Erth      #.....       100%        3    ####...
 Petrify                  Tmut/Erth      #.......     100%        4    #####..
 Lee's Rapid Deconstruct  Erth           #.........   100%        5    ######.


Dungeon Overview and Level Annotations

Branches:
Dungeon (7/15)             Temple (1/1) D:6

Altars:
Gozag
Okawaru
Qazlal
Ru
Sif Muna
Wu Jian
Xom
Yredelemnul
Zin
The Shining One

Annotations:
D:6 5 runed translucent doors
D:7 Menkaure


Innate Abilities, Weirdness & Mutations

You have very sharp fingernails.
Your flesh is cold resistant. (rC+)
You are immune to rotting.


Message History

* * * LOW HITPOINT WARNING * * *
Menkaure calls on the powers of darkness!
Your body is wracked with pain!
* * * LOW HITPOINT WARNING * * *
The wight hits you with a +3 halberd.
* * * LOW HITPOINT WARNING * * *
You feel drained.
* * * LOW HITPOINT WARNING * * *
Items here: ))) [[[ †
Okay, then.
Okay, then.
Okay, then.
You hit the wight but do no damage. You block the wight's attack.
You slash the wight!
The wight is heavily damaged.
You block the wight's attack.
You hit the wight.
The wight is severely damaged.
The wight hits you with a +3 halberd!
You die...

..... ##### ....
#...#### ..≈≈ #.#....#
#.. #...##.# #..
##.###.# #M#
#.###.####### #z#
#.<..#......# #@#
#..##.#####.# #.#
....##.#####.###.#.##..
###.##........<.........
#.########.########...
#.# #.# #.# #.# #.# #.#
#.#


You could see Menkaure (fast) and a wight.

Vanquished Creatures
  Prince Ribbit (D:6)
  Sigmund (D:2)
  Eustachio (D:4)
  An ice beast (D:7)
  3 ogres
  A phantom (D:4)
  3 bullfrogs
  A scorpion (D:4)
  2 wights (D:7)
  A crimson imp (D:5)
  A hound (D:3)
  2 jellies (D:5)
  Natasha (thrice) (D:3)
  3 orc wizards
  3 worker ants
  2 hound skeletons (D:6)
  Robin (D:4)
  3 adders (D:3)
  A gnoll (D:1)
  An ooze (D:1)
  2 dart slugs
  A leopard gecko (D:4)
  17 orcs
  A ball python (D:3)
  8 bats
  6 giant cockroaches
  18 goblins
  11 hobgoblins
  10 jackals
  5 kobolds
  4 quokkas
  8 frilled lizards
  2 gnoll zombies (D:2)
  A quokka skeleton (D:4)
  6 rats
135 creatures vanquished.

Vanquished Creatures (collateral kills)
  An orc warrior (D:6)
  An orc wizard (D:6)
2 creatures vanquished.

Grand Total: 137 creatures vanquished

Notes
Turn   | Place    | Note
-------+----------+-------------------------------------------
     0 | D:1      | Clowwww the Demonspawn Fighter began the quest for the Orb.
     0 | D:1      | Reached XP level 1. HP: 18/18 MP: 1/1
    72 | D:1      | Reached skill level 2 in Axes
    72 | D:1      | Gained mutation: You are immune to rotting. [demonic
                  | ancestry]
    72 | D:1      | Reached XP level 2. HP: 18/24 MP: 2/2
   385 | D:1      | Reached XP level 3. HP: 4/29 MP: 3/3
  1134 | D:2      | Noticed Natasha
  1135 | D:2      | Noticed Sigmund
  1152 | D:3      | Killed Natasha
  1152 | D:3      | Gained mutation: You have sharp fingernails. [demonic
                  | ancestry]
  1152 | D:3      | Reached XP level 4. HP: 15/35 MP: 4/4
  1470 | D:3      | Noticed Natasha
  1481 | D:3      | Killed Natasha
  1481 | D:3      | Reached skill level 3 in Axes
  1481 | D:3      | Reached skill level 1 in Dodging
  1569 | D:3      | Found a glowing golden altar of the Shining One.
  1651 | D:3      | Gained mutation: You have very sharp fingernails. [demonic
                  | ancestry]
  1651 | D:3      | Reached XP level 5. HP: 41/41 MP: 5/5
  1782 | D:3      | Noticed Natasha
  1791 | D:3      | Killed Natasha
  2118 | D:3      | Found a shimmering altar of Xom.
  2246 | D:3      | Found a shimmering blue altar of Sif Muna.
  2257 | D:3      | Found an ornate altar of the Wu Jian Council.
  2557 | D:4      | Noticed an ogre
  2562 | D:4      | Killed an ogre
  2562 | D:4      | Reached skill level 4 in Axes
  2562 | D:4      | Reached XP level 6. HP: 29/48 MP: 6/6
  2694 | D:4      | Found an opulent altar of Gozag.
  2804 | D:4      | Noticed Robin
  2813 | D:4      | Killed Robin
  2910 | D:4      | Noticed Eustachio
  2928 | D:4      | Killed Eustachio
  2928 | D:4      | Reached XP level 7. HP: 26/54 MP: 7/7
  3080 | D:4      | Found a glowing silver altar of Zin.
  3595 | D:4      | Reached skill level 5 in Axes
  3961 | D:2      | Found a stormy altar of Qazlal.
  3986 | D:2      | Killed Sigmund
  4609 | D:2      | Found a basalt altar of Yredelemnul.
  4743 | D:5      | Entered Level 5 of the Dungeon
  4754 | D:5      | Gained mutation: Your flesh is cold resistant. (rC+)
                  | [demonic ancestry]
  4754 | D:5      | Reached XP level 8. HP: 61/61 MP: 8/8
  4839 | D:5      | Reached skill level 5 in Shields
  5152 | D:5      | Found Uwkamair's Distillery.
  5155 | D:5      | Reached skill level 1 in Stealth
  5354 | D:6      | Found a runed translucent gate.
  5459 | D:6      | Found a runed translucent gate.
  5459 | D:6      | Found a runed translucent gate.
  5468 | D:6      | Found a runed translucent door.
  5475 | D:6      | Found the +9 staff of Olgreb {rPois∞}
  5478 | D:6      | Found a runed translucent door.
  5513 | D:6      | Identified 3 scrolls of acquirement
  5516 | D:6      | Acquired 510 gold pieces
  5520 | D:6      | Acquired 330 gold pieces
  5524 | D:6      | Acquired a +3 broad axe of venom
  5666 | D:6      | Found a staircase to the Ecumenical Temple.
  5680 | Temple   | Entered the Ecumenical Temple
  5725 | Temple   | Became a worshipper of Warmaster Okawaru
  5854 | D:6      | Noticed Prince Ribbit
  5877 | D:6      | Killed Prince Ribbit
  5877 | D:6      | Reached skill level 6 in Axes
  5877 | D:6      | Reached skill level 5 in Armour
  6290 | D:7      | Reached skill level 1 in Throwing
  6294 | D:7      | Noticed Menkaure
  6325 | D:7      | Reached skill level 5 in Fighting
  6326 | D:7      | HP: 3/62 [wight/+3 halberd (1)]
  6329 | D:7      | Mangled by a wight

Illustrated notes

Levels and vault maps discovered:
D:1:      roderic_octagonal_star, layout_basic
D:2:      layout_loops_ring, lemuel_crystal_altar,
          lemuel_zombie_altar_yredelemnul, first_ration, lemuel_old_faithful,
          uniq_sigmund, uniq_natasha
D:3:      layout_rooms, old_standard_altar, amethyst_overflow_temple_binary,
          tgw_xom
D:4:      layout_loops_ring, marbit_many_paths, grunt_gozag_breadcrumbs,
          uniq_eustachio, uniq_robin
D:5:      layout_gridville, serial_shops, shop
D:6:      layout_loops_ring, minmay_temple_entry_mini_moons,
          minmay_guarded_unrand_staff_of_olgreb, uniq_prince_ribbit1
D:7:      layout_loops_ring, lemuel_doored_altar,
          nicolae_overflow_hidden_temple, slow_altar_1,
          kennysheep_decorative_pillar, uniq_menkaure
Temple:   nicolae_temple_hex_pool

Skill      XL: |  1  2  3  4  5  6  7  8 |
---------------+-------------------------+-----
Axes           | 2 3 4 5 6 |  6.5
Shields        | 3 4 5 |  5.4
Armour         | 3 4 5 |  5.4
Dodging        | 1 2 |  2.1
Fighting       | 4 5 |  5.0
Stealth        | 1 |  1.4
Throwing       | 1 |  1.1

Action                   |  1- 3 |  4- 6 |  7- 9 || total
-------------------------+-------+-------+-------++-------
Melee: War axe           |    88 |   154 |   142 ||   384
       Broad axe         |       |       |    50 ||    50
Throw: Boomerang         |       |       |    14 ||    14
  Use: Potion            |     1 |       |     3 ||     4
       Scroll            |       |     8 |    16 ||    24
 Stab: Distracted        |       |       |     1 ||     1
  Eat: Chunk             |     1 |     6 |     6 ||    13
       Ration            |       |       |     1 ||     1
Armor: Scale mail        |    55 |    78 |    77 ||   210
Dodge: Dodged            |    26 |    48 |    52 ||   126
Block: Kite shield       |    62 |    80 |   101 ||   243
